 Dungeon Crawl Stone Soup version 0.28-a0-724-g66f9036eb4 (webtiles) character file.

Game seed: 3254221886197016199

28 flotson the Sneak (level 2, -1/24 HPs)
             Began as a Demonspawn Delver on Oct 26, 2021.
             Succumbed to an adder's poison
             ... on level 4 of the Dungeon.
             The game lasted 00:00:58 (376 turns).

flotson the Sneak (Demonspawn Delver)                Turns: 376, Time: 00:00:58

Health: -1/24      AC:  3    Str: 12    XL:     2   Next: 96%
Magic:  2/2        EV: 12    Int: 11    God:
Gold:   0          SH:  4    Dex: 14    Spells: 1/1 levels left

rFire   . . .      SeeInvis .   a - +0 hand axe
rCold   . . .      Faith    .   (no shield)
rNeg    . . .      Spirit   .   b - +0 leather armour
rPois   .          Reflect  .   (no helmet)
rElec   .          Harm     .   (no cloak)
rCorr   .          Rampage  .   (no gloves)
Will    .....                   (no boots)
Stlth   ++........              (no amulet)
HPRegen 0.08/turn               (no ring)
MPRegen 0.08/turn               (no ring)

@: lethally poisoned (-1 -> -6)
A: condensation shield
a: no special abilities


You were on level 4 of the Dungeon.
You visited 1 branch of the dungeon, and saw 3 of its levels.

Inventory:

Hand Weapons
 a - a +0 hand axe (weapon)
Armour
 b - a +0 leather armour (worn)
Wands
 g - a wand of digging (3)
Scrolls
 c - a scroll of fog


   Skills:
 + Level 3.4 Fighting
 - Level 1.7 Axes
 + Level 1.2 Armour
 + Level 2.3 Dodging
 - Level 4.5 Stealth


You had one spell level left.
You didn't know any spells.
Your spell library was empty.

Dungeon Overview and Level Annotations

Branches:
Dungeon (5/15)             Temple (0/1) D:5

Altars:


Innate Abilities, Weirdness & Mutations

A meltable shield of frost defends you. (SH +4)


Message History

You are poisoned.
The adder poisons you! The adder barely misses you.
You closely miss the adder.
The adder is moderately wounded.
You feel sick. The adder bites you.
You hit the adder but do no damage.
The adder is moderately wounded.
You feel sick. The adder barely misses you. The adder misses you.
You miss the adder.
The adder is moderately wounded.
You feel sick. The adder bites you. The adder barely misses you.
You hit the adder.
The adder is severely wounded.
You feel sick. The adder bites you.
* * * LOW HITPOINT WARNING * * *
You miss the adder.
The adder is severely wounded.
You feel sick.
You are no longer poisoned.
You block the adder's attack. The adder bites you.
* * * LOW HITPOINT WARNING * * *
You closely miss the adder.
The adder is severely wounded.
You block the adder's attack.
You closely miss the adder.
The adder is severely wounded.
The adder bites you.
* * * LOW HITPOINT WARNING * * *
You block the adder's attack.
You aren't carrying any potions.
Unknown command.
You completely miss the adder.
The adder is severely wounded.
The adder bites you.
* * * LOW HITPOINT WARNING * * *
You are lethally poisoned!
The adder poisons you!
You hit the adder but do no damage.
The adder is severely wounded.
You die...

#.#..########.##
#.#............#
#...........##
##.########## #
#.# ###.###.##
.........#
.........# ###
###.###..# #@#
##.###..# #S#
........o# #g#
...(####.# #.#
## #.######.#
#...o....#
##########


You could see a gnoll and an adder.

Vanquished Creatures
  A bullfrog skeleton (D:5)
  An orc (D:4)
2 creatures vanquished.

Notes
Turn   | Place    | Note
-------+----------+-------------------------------------------
     0 | D:5      | flotson the Demonspawn Delver began the quest for the Orb.
     0 | D:5      | Reached XP level 1. HP: 18/18 MP: 1/1
    59 | D:5      | Reached skill level 1 in Armour
    59 | D:5      | Gained mutation: A meltable shield of frost defends you.
                  | (SH +4) [demonic ancestry]
    59 | D:5      | Reached XP level 2. HP: 12/24 MP: 2/2
   375 | D:4      | HP: 1/24 [adder (1)]
   376 | D:4      | Succumbed to an adder's poison

Illustrated notes

Levels and vault maps discovered:
D:3:      layout_basic, general_overflow_altar, nicolae_overflow_hidden_temple,
          serial_shops, nicolae_shop_stone, st_stairs_5, uniq_jessica
D:4:      minmay_recursive_quarters, layout_basic
D:5:      layout_basic, regret_index_temple_of_mockery,
          minmay_temple_entry_glassed_door, nicolae_ossuary_entry_monument,
          kennysheep_doodads

Skill      XL: |  1 |
---------------+----+-----
Armour         | 1 |  1.2
Dodging        | 2 |  2.3
Fighting       | |  3.4
Axes           | |  1.7
Stealth        | |  4.5

Action                   || total
-------------------------++-------
Melee: Hand axe          ||    19
  Use: Potion            ||     1
       Scroll            ||     2
Armor: Leather armour    ||     1
Dodge: Dodged            ||     9
Block: Other             ||     8

Table legend: (Time is in decaauts)
 A = Elapsed time spent in this place.
 B = Non-inter-level travel time spent in this place.
 C = Inter-level travel time spent in this place.
 D = Time resting spent in this place.
 E = Time spent auto-exploring this place.
 F = Levels seen in this place.
 G = Mean time per level.
                   A        B        C        D        E       F      G
               +--------+--------+--------+--------+--------+-----+--------+
         Total |    367 |    367 |      0 |     63 |    175 |   3 |  122.3 |
       Dungeon |    367 |    367 |      0 |     63 |    175 |   3 |  122.3 |
               +--------+--------+--------+--------+--------+-----+--------+

Top non-repeatable levels by time:
     D:5: 226 daAuts
     D:4: 136 daAuts
     D:3: 4 daAuts
